cohdb
Replays
Latest Replays
All Replays
Popular Replays
Top Player Replays
Match Explorer
How It Works
Community
CoH3 Stats
Reddit
Sign in to upload your games and track your stats! →
Sign in with Steam
Match 28155740
Unlisted
Match 28155740
Overview
Messages
Build Orders
End
Construct Infanterie Kompanie
Grenadier Squad
Selects Breakthrough Battlegroup
Selects Assault Grenadiers
MG 42 Machine Gun Team
Grenadier Squad
MG 42 Machine Gun Team
Construct Panzergrenadier Kompanie
Panzergrenadier Squad
Pak 40 Anti-tank Gun Team
Selects Smoke Bombing Run
Construct Panzer Kompanie
Medical Bunker
GrW 34 Mortar Team
Selects Rapid Production
Selects Blitzkrieg
Panzer IV Medium Tank
Stoßtruppen Squad
Selects Incendiary Bombing Run
Incendiary Bombing Run
Panzer IV Medium Tank
GrW 34 Mortar Team
Pak 40 Anti-tank Gun Team
Smoke Bombing Run
Selects Tiger Heavy Tank
Tiger Heavy Tank
Incendiary Bombing Run
Pioneer Squad
Pioneer Squad
Incendiary Bombing Run
Stoßtruppen Squad
Smoke Bombing Run
Panzer IV Medium Tank
Wrathment
calvinking
0
0
Comments
sign in to comment!
No comments posted yet!